 Dungeon Crawl Stone Soup version 0.31-a0-700-gf13585253f (webtiles) character file.

Game seed: 13491433786612218569

122 cforsyth the Trooper (level 5, -4/42 HPs)
             Began as a Djinni Chaos Knight on Sept 7, 2023.
             Was a Plaything of Xom.
             Killed by divine providence
             ... invoked by an orc priest
              (11 damage)
             ... on level 3 of the Dungeon.
             The game lasted 00:02:06 (2450 turns).

cforsyth the Trooper (Djinni Chaos Knight)          Turns: 2450, Time: 00:02:06

Health: -4/42      AC:  7    Str: 10      XL:     5   Next: 27%
Gold:   207        EV: 11    Int: 20      God:    Xom [...*..] SH:  0 Dex: 10 (11)

rFire   + + .        a - +0 falchion (chaos)
rCold   x . .        (no shield)
rNeg    . . .        b - +2 leather armour
rPois   ∞            p - +0 helmet
rElec   .            r - +0 cloak
rCorr   .            (no gloves)
SInv    .            (boots unavailable)
Will    .....        (no amulet)
Stlth   +            (no ring)
HPRegen 0.27/turn    (no ring)
MPRegen 0.00/turn

%: infuse magic (-5 HP)
@: flying
A: sickness immunity, fire resistance 2, cold vulnerability 1, float, innate
caster, HP casting, extra vitality 1, clever 1
a: Renounce Religion


You were on level 3 of the Dungeon.
You worshipped Xom.
You were a favourite toy of Xom.
You visited 1 branch of the dungeon, and saw 4 of its levels.

You collected 207 gold pieces.

Inventory:

Hand Weapons
 a - a +0 falchion of chaos (weapon)
Armour
 b - a +2 leather armour (worn)
 p - a +0 helmet (worn)
 r - a +0 cloak (worn)
Scrolls
 c - a scroll of butterflies
 d - 6 scrolls of identify {unknown}
 e - a scroll of noise {unknown}
 f - a scroll of blinking {unknown}
 g - a scroll of brand weapon {unknown}
 i - 3 scrolls of enchant armour {unknown}
 j - 2 scrolls of vulnerability {unknown}
 k - 2 scrolls of immolation {unknown}
 l - a scroll of amnesia {unknown}
 n - 2 scrolls of teleportation {unknown}
 s - a scroll of poison {unknown}
Potions
 h - a potion of heal wounds {unknown}
 m - a potion of degeneration {unknown}
 o - 2 potions of curing {unknown}
 q - a potion of magic {unknown}
 t - a potion of haste {unknown}
 u - a potion of might {unknown}
 v - a potion of lignification {unknown}
 w - a potion of cancellation {unknown}


   Skills:
 + Level 4.4 Fighting
 - Level 2.6 Long Blades
 - Level 1.0 Armour
 - Level 2.1 Dodging
 + Level 2.1 Spellcasting
 + Level 2.1 Conjurations
 + Level 2.1 Hexes
   Level 0.0 Charms
 + Level 2.1 Summonings
 + Level 2.1 Necromancy
 + Level 2.1 Translocations
 + Level 2.1 Transmutations
 + Level 2.1 Fire Magic
 + Level 2.1 Ice Magic
 + Level 2.1 Air Magic
 + Level 2.1 Earth Magic
 + Level 2.1 Poison Magic


You knew the following spells:

 Your Spells              Type           Power      Damage    Failure   Level
a - Summon Small Mammal   Summ           40%        N/A       9%          1
b - Call Imp              Summ           20%        N/A       13%         2
Your spell library was empty.

Dungeon Overview and Level Annotations

Branches:
Dungeon (4/15)
 Temple: D:4-7

Altars:


Innate Abilities, Weirdness & Mutations

You are immune to sickness and miasma.
You are immune to poison.
Your flesh is very heat resistant. (rF++)
You are vulnerable to cold. (rC-)
You float through the air rather than walking.
You learn spells naturally, not from books.
Your magical power is your life essence.
You have superior vitality. (+4 MHP)
Your mind is acute. (Int +4, Str/Dex -1)


Message History

* * * LOW HITPOINT WARNING * * *
The hobgoblin completely misses you.
There is a stone staircase leading up here.
Things that are here:
a +0 dagger; a goblin corpse The giant cockroach bites you but does no damage.
The hobgoblin misses you. The orc barely misses you.
The orc priest hits you with a +0 hand axe.
* * * LOW HITPOINT WARNING * * *
The giant cockroach bites you but does no damage.
You fly upwards.
There is a stone staircase leading down here.
As you read the scroll of butterflies, it crumbles to dust.
You hear the flapping of tiny wings.
The hobgoblin is knocked back by the sudden gust.
The orc priest is knocked back by the sudden gust.
The giant cockroach is knocked back by the sudden gust.
The orc priest casts a cantrip, but nothing happens.
You swap places.
The orc priest miscasts a cantrip.
The giant cockroach closely misses your butterfly.
You swap places.
Something hits your butterfly.
Your butterfly dies!
Your butterfly disappears in a burst of colours!
The giant cockroach closely misses your butterfly.
The hobgoblin barely misses you.
You swap places.
The giant cockroach misses your butterfly.
The hobgoblin barely misses you.
The orc priest barely misses your butterfly.
The giant cockroach closely misses your butterfly.
You swap places.
The hobgoblin closely misses you. The orc priest misses your butterfly.
The orc priest completely misses your butterfly.
You swap places.
The hobgoblin barely misses your butterfly.
The orc priest calls down the wrath of Beogh upon you.
Beogh smites you!
You die...
Xom roars with laughter!

#.#.###.###)##
###.#.#.......#
##......)#.##### .<...#.###.#
####### ##.###.###.##########
#...5.. ...###.....##.......#
#.#####
.....########.####..####
##.##### ####.##
#.##..........#.............#
#.##


You could see an orc priest (fast, ally target) and a hobgoblin (ally target).

Vanquished Creatures
  Jessica (D:2)
  3 adders
  A worm (D:3)
  A dart slug (D:2)
  5 orcs
  4 bats
  5 endoplasms
  A giant cockroach (D:1)
  11 goblins
  6 hobgoblins
  2 jackals (D:1)
  A quokka (D:1)
  2 ball pythons
  A frilled lizard (D:3)
  4 kobolds
  6 rats
54 creatures vanquished.

Notes
Turn   | Place    | Note
-------+----------+-------------------------------------------
     0 | D:1      | cforsyth the Djinni Chaos Knight began the quest for the
                  | Orb.
     0 | D:1      | Reached XP level 1. HP: 20/20 MP: 0/0
   116 | D:1      | XOM: silly message
   120 | D:1      | XOM: silly message
   137 | D:1      | Reached XP level 2. HP: 25/25 MP: 0/0
   165 | D:1      | XOM: silly message
   260 | D:1      | XOM: divination: detect items
   307 | D:1      | Reached skill level 1 in Spellcasting
   307 | D:1      | Reached skill level 1 in Conjurations
   307 | D:1      | Reached skill level 1 in Hexes
   307 | D:1      | Reached skill level 1 in Summonings
   307 | D:1      | Reached skill level 1 in Necromancy
   307 | D:1      | Reached skill level 1 in Translocations
   307 | D:1      | Reached skill level 1 in Transmutations
   307 | D:1      | Reached skill level 1 in Fire Magic
   307 | D:1      | Reached skill level 1 in Ice Magic
   307 | D:1      | Reached skill level 1 in Air Magic
   307 | D:1      | Reached skill level 1 in Earth Magic
   307 | D:1      | Reached skill level 1 in Poison Magic
   359 | D:1      | XOM: divination: detect items
   407 | D:1      | Reached XP level 3. HP: 26/30 MP: 0/0
   407 | D:1      | Learned a level 1 spell: Summon Small Mammal
   742 | D:2      | XOM: divination: magic mapping
   850 | D:2      | Noticed Jessica
   858 | D:2      | XOM: divination: detect creatures
   861 | D:2      | Killed Jessica
   862 | D:2      | Reached skill level 4 in Fighting
   862 | D:2      | Reached XP level 4. HP: 25/37 MP: 0/0
  1253 | D:2      | XOM: divination: magic mapping
  1307 | D:2      | Found a faded altar of an unknown god.
  1784 | D:3      | XOM: summons friendly crimson imp
  2028 | D:3      | Reached XP level 5. HP: 25/41 MP: 0/0
  2028 | D:3      | Learned a level 2 spell: Call Imp
  2242 | D:3      | XOM: give mutations
  2242 | D:3      | Gained mutation: Your mind is acute. (Int +4, Str/Dex -1)
                  | [Xom's mischief]
  2441 | D:4      | XOM: stat loss: -1 Dex (10/11)
  2450 | D:3      | Killed from afar by an orc priest

Illustrated notes

Levels and vault maps discovered:
D:1:      shiori_arrival_whats_in_store_for_you, layout_basic
D:2:      layout_basic, hellmonk_ecumenical_altar_leap_of_faith, uniq_jessica
D:3:      layout_loops_cross, minmay_liquid_box, nicolae_twisty_statue_hallways
D:4:      layout_gridville, ashenzari_conservatory_becter,
          nicolae_ru_sacrificial_ziggurat, makhleb_heckhound_becter,
          minmay_circle_x, uniq_eustachio

Skill      XL: |  1  2  3  4 |
---------------+-------------+-----
Spellcasting   | 1 2 |  2.1
Conjurations   | 1 2 |  2.1
Hexes          | 1 2 |  2.1
Summonings     | 1 2 |  2.1
Necromancy     | 1 2 |  2.1
Translocations | 1 2 |  2.1
Transmutations | 1 2 |  2.1
Fire Magic     | 1 2 |  2.1
Ice Magic      | 1 2 |  2.1
Air Magic      | 1 2 |  2.1
Earth Magic    | 1 2 |  2.1
Poison Magic   | 1 2 |  2.1
Fighting       | 4 |  4.4
Long Blades    | |  2.6
Armour         | |  1.0
Dodging        | |  2.1

Action                     |  1- 3 |  4- 6 || total
---------------------------+-------+-------++-------
  Melee: Falchion          |    84 |    87 ||   171
         Punch             |     1 |     1 ||     2
    Use: Scroll            |       |     1 ||     1
 Armour: Leather armour    |    48 |    76 ||   124
  Dodge: Dodged            |    50 |    74 ||   124

Table legend: (Time is in decaauts)
 A = Elapsed time spent in this place.
 B = Non-inter-level travel time spent in this place.
 C = Inter-level travel time spent in this place.
 D = Time resting spent in this place.
 E = Time spent auto-exploring this place.
 F = Levels seen in this place.
 G = Mean time per level.
                   A        B        C        D        E       F      G
               +--------+--------+--------+--------+--------+-----+--------+
         Total |   2481 |   2439 |     42 |    163 |   1852 |   4 |  620.2 |
       Dungeon |   2481 |   2439 |     42 |    163 |   1852 |   4 |  620.2 |
               +--------+--------+--------+--------+--------+-----+--------+

Top non-repeatable levels by time:
     D:2: 954 daAuts
     D:3: 823 daAuts
     D:1: 679 daAuts
     D:4: 24 daAuts
